AoeStats
← xXAngry_AlmanXx

Arena

504529865Analyzed
1v1 RM · 28d ago on Sep 5, 2026· 49m 9s· 2 players
Game mode
Random Map
Map size
Tiny (2 player)
Population
200
Speed
Normal
Resources
Standard
Victory
Conquest
Starting age
Dark Age
Ending age
Imperial Age
RankedLock teamsTeams togetherTeam positionsShared explorationLock speedFull tech treeHidden civsTurbo modeCheats
Victory
Defeat
🇮🇹 Franks · Italy
1040
+16
🇩🇪 Spanish · Germany
1046
-43
mlanutr
9:09 Loom
11:45 Feudal Age
12:19 Double-Bit Axe
18:15 Castle Age
18:49 Wheelbarrow
20:28 Forging
20:45 Gold Mining
20:42 Elite Skirmisher
26:30 Bow Saw
30:38 Imperial Age
27:58 Town Watch
29:06 Ballistics
28:43 Fletching
30:16 Padded Archer Armor
30:11 Bodkin Arrow
30:54 Stone Mining
32:15 Husbandry
31:36 Light Cavalry
31:40 Cavalier
32:45 Hand Cart
33:14 Conscription
32:54 Pikeman
33:35 Squires
37:21 Chemistry
38:09 Scale Barding Armor
38:13 Paladin
39:01 Scale Mail Armor
42:15 Chain Barding Armor
42:11 Chain Mail Armor
42:31 Iron Casting
45:20 Murder Holes
45:36 Fortified Wall
47:42 Plate Barding Armor
47:37 Plate Mail Armor
48:08 Blast Furnace
xXAngry_AlmanXx
10:26 Feudal Age
15:13 Castle Age
14:04 Double-Bit Axe
14:10 Loom
24:42 Wheelbarrow
25:25 Fortified Wall
27:20 Horse Collar
27:55 Bow Saw
30:28 Imperial Age
30:45 Hand Cart
31:12 Scale Mail Armor
31:23 Forging
31:06 Fletching
30:47 Pikeman
35:33 Chemistry
37:04 Squires
38:25 Chain Mail Armor
38:20 Forging
38:06 Bodkin Arrow
38:57 Padded Archer Armor
38:21 Elite Skirmisher
40:16 Plate Mail Armor
40:05 Leather Archer Armor
40:33 Ballistics
42:22 Iron Casting
41:47 Halberdier
44:25 Blast Furnace
43:26 Bracer
45:20 Light Cavalry
46:10 Bloodlines
46:01 Husbandry
46:55 Conscription
47:16 Ring Archer Armor
Connection lost

Rejoining the realm…

Still unreachable

The connection could not be restored.

Session expired

The server has moved on; the page needs a fresh start.